 Dungeon Crawl Stone Soup version 0.30-a0-1-g69b7b797bf (webtiles) character file.

Game seed: 1373822728820552262

449 Bornsel the Vexing (level 6, -2/28 HPs)
             Began as a Spriggan Enchanter on Aug 19, 2022.
             Was an Initiate of Dithmenos.
             Slain by a phantom (6 damage)
             ... on level 5 of the Dungeon.
             The game lasted 00:07:21 (4745 turns).

Bornsel the Vexing (Spriggan Enchanter)             Turns: 4745, Time: 00:07:22

Health: -2/28      AC:  2    Str:  5 (6)  XL:     6   Next: 74%
Magic:  16/16      EV: 17    Int: 16 (17) God:    Dithmenos [......]
Gold:   183        SH:  0    Dex: 14 (15) Spells: 6/17 levels left

rFire   . . .      SeeInvis +    d - +3 dagger (venom)
rCold   . . .      Faith    .    (no shield)
rNeg    . . .      Spirit   .    b - +0 robe
rPois   .          Reflect  .    (helmet restricted)
rElec   .          Harm     .    (no cloak)
rCorr   .          Rampage  .    (gloves unavailable)
Will    +....                    (boots unavailable)
Stlth   +++.......               (no amulet)
HPRegen 0.09/turn                (no ring)
MPRegen 0.15/turn                (no ring)

@: attractive, very quick
A: very small, no large weapons, unfitting armour, see invisible, speed 3
a: Renounce Religion


You were on level 5 of the Dungeon.
You worshipped Dithmenos.
Dithmenos was noncommittal.
You visited 2 branches of the dungeon, and saw 6 of its levels.

You collected 183 gold pieces.

Inventory:

Hand Weapons
 a - a +1 dagger
 d - a +3 dagger of venom (weapon)
 j - a +2 dagger of speed
Armour
 b - a +0 robe (worn)
Wands
 g - a wand of mindburst (12)
 m - a wand of polymorph (5)
Potions
 c - a potion of invisibility
 i - 2 potions of resistance
 k - 2 potions of cancellation
 l - a potion of magic {unknown}
 n - a potion of berserk rage {unknown}


   Skills:
 - Level 1.1 Short Blades
 - Level 2.6 Dodging
 + Level 6.2 Stealth
 + Level 6.0 Spellcasting
 + Level 6.6 Hexes


You had 6 spell levels left.
You knew the following spells:

 Your Spells              Type           Power      Damage    Failure   Level
a - Ensorcelled Hibernat  Hex/Ice        30%        N/A       5%          2
b - Tukima's Dance        Hex            26%        N/A       2%          3
c - Dazzling Flash        Conj/Hex       30%        N/A       11%         3
d - Confusing Touch       Hex            26%        N/A       2%          3

Your spell library contained the following spells:

 Spells                   Type           Power      Damage    Failure   Level
 Slow                     Hex            100%       N/A       1%          1
 Summon Guardian Golem    Hex/Summ       15%        N/A       11%         3
 Vampiric Draining        Necr           4%         2d6       38%         3
 Alistair's Intoxication  Tmut/Pois      2%         N/A       98%         5
 Borgnjor's Vile Clutch   Necr/Erth      2%         N/A       98%         5
 Eringya's Noxious Bog    Tmut/Pois      2%         N/A       100%        6
 Orb of Destruction       Conj           2%         9d5       100%        7
 Spellforged Servitor     Conj/Summ      2%         N/A       100%        7


Dungeon Overview and Level Annotations

Branches:
Dungeon (5/15)             Temple (1/1) D:4

Altars:
Ashenzari
Cheibriados
Dithmenos
Elyvilon
Fedhas
Hepliaklqana
Kikubaaqudgha
Makhleb
Nemelex Xobeh
Qazlal
Ru
Sif Muna
Trog
Wu Jian
Xom
Yredelemnul
Zin
The Shining One

Shops:
D:1 =


Innate Abilities, Weirdness & Mutations

You are very small and have problems with some larger weapons.
You are too small for most types of armour.
You have supernaturally acute eyesight. (SInv)
You cover ground extremely quickly. (Speed+++)


Message History

The phantom closely misses you.
You hit the phantom but do no damage.
The phantom is moderately damaged.
The phantom barely misses you.
You hit the phantom but do no damage.
The phantom is moderately damaged.
The phantom hits you.
The phantom blinks!
You blink.
A jelly comes into view.
The phantom hits itself.
You hit the phantom.
The phantom is severely damaged.
The phantom hits you.
* * * LOW HITPOINT WARNING * * *
The phantom blinks!
You blink.
Found a robe.
You hit the phantom.
The phantom is severely damaged.
You barely miss the phantom.
The phantom is severely damaged.
The jelly quivers.
You hit the phantom.
The phantom is almost destroyed.
You hit the phantom.
The phantom is almost destroyed.
The phantom closely misses you.
You hit the phantom.
The phantom is almost destroyed.
The phantom completely misses you.
You closely miss the phantom.
The phantom is almost destroyed.
The phantom seems less confused.
The phantom hits you.
* * * LOW HITPOINT WARNING * * *
The jelly hits you but does no damage. The phantom completely misses you.
The jelly completely misses you.
It was a potion of attraction.
You feel attractive to monsters.
It was a potion of degeneration.
There was something very wrong with that liquid.
You feel weakened.
You feel dopey.
You feel clumsy. The phantom hits you.
You die...

.# .... #..#.....
##..#...... . #
....#.....# ### ..#.
#......... ....
.....
#.#...........#
.....##.#..# #.#...
........@..# #....#
[......JW..###.#..#
#...........<.#..#
#....#####.......#
#....#####.##.#.....
..... #......#.#
...# .... #.......$#
#.. ....
#.....ยง#........ .
#........#.##...


You could see a phantom and a jelly.

Vanquished Creatures
  An ogre (D:4)
  A black bear (D:4)
  2 orc priests (D:3)
  Ijyb (D:3)
  2 iguanas (D:4)
  3 gnolls (D:2)
  4 adders
  A worm (D:2)
  3 dart slugs
  8 orcs (D:3)
  7 ball pythons
  3 bats
  2 endoplasms
  A giant cockroach (D:4)
  4 goblins
  5 hobgoblins
  4 jackals
  7 kobolds
  A quokka (D:4)
  2 frilled lizards
  4 rats
66 creatures vanquished.

Notes
Turn   | Place    | Note
-------+----------+-------------------------------------------
     0 | D:1      | Bornsel the Spriggan Enchanter began the quest for the Orb.
     0 | D:1      | Reached XP level 1. HP: 9/9 MP: 5/5
   184 | D:1      | Found Guegilox's One-of-a-Kind Rings.
   207 | D:1      | Reached XP level 2. HP: 13/13 MP: 7/7
   252 | D:1      | Learned a level 2 spell: Ensorcelled Hibernation
  1100 | D:2      | Reached XP level 3. HP: 16/16 MP: 6/9
  1228 | D:1      | Learned a level 3 spell: Tukima's Dance
  1232 | D:1      | Learned a level 3 spell: Confusing Touch
  1677 | D:2      | Reached XP level 4. HP: 16/21 MP: 1/11
  1680 | D:2      | Reached skill level 5 in Hexes
  1775 | D:2      | Learned a level 3 spell: Dazzling Flash
  2311 | D:3      | Noticed Ijyb
  2329 | D:3      | Killed Ijyb
  2330 | D:3      | Reached skill level 5 in Spellcasting
  2330 | D:3      | Reached XP level 5. HP: 15/24 MP: 11/13
  3632 | D:4      | Noticed a black bear
  3660 | D:4      | Killed a black bear
  3661 | D:4      | Reached skill level 5 in Stealth
  3661 | D:4      | Reached XP level 6. HP: 10/28 MP: 2/15
  4040 | D:4      | Found a sparkling altar of Nemelex Xobeh.
  4568 | D:4      | Found a staircase to the Ecumenical Temple.
  4579 | Temple   | Entered the Ecumenical Temple
  4588 | Temple   | Became a worshipper of Dithmenos the Shadowed
  4710 | D:5      | Entered Level 5 of the Dungeon
  4745 | D:5      | Slain by a phantom

Illustrated notes

Levels and vault maps discovered:
D:1:      lightli_arrival_maybe_door_vault, layout_basic,
          nicolae_shop_unique_rings
D:2:      layout_rooms, minmay_surrounded
D:3:      layout_loops_corners, uniq_ijyb
D:4:      layout_basic, nemelex_xobeh_ov_fountains_minmay, temple_green,
          kennysheep_flooded_box, grunt_decor_resistance,
          hangedman_decor_opposing
D:5:      layout_basic, serial_shops, shop_scrolls
Temple:   sentei_temple_godly_chess

Skill      XL: |  1  2  3  4  5  6 |
---------------+-------------------+-----
Spellcasting   | 3 4 5 6 |  6.0
Hexes          | 4 5 6 |  6.6
Stealth        | 5 6 |  6.2
Short Blades   | |  1.1
Dodging        | |  2.6

Action                   |  1- 3 |  4- 6 || total
-------------------------+-------+-------++-------
Melee: Dagger            |    68 |    96 ||   164
       Punch             |       |     2 ||     2
 Cast: Ensorcelled Hiber |     7 |    16 ||    23
       Tukima's Dance    |       |     1 ||     1
       Confusing Touch   |       |     1 ||     1
  Use: Scroll            |     2 |     7 ||     9
       Potion            |       |     5 ||     5
 Stab: Sleeping          |    11 |    21 ||    32
       Invisible         |       |     5 ||     5
Armor: Robe              |     5 |     4 ||     9
Dodge: Dodged            |    41 |    51 ||    92

Table legend: (Time is in decaauts)
 A = Elapsed time spent in this place.
 B = Non-inter-level travel time spent in this place.
 C = Inter-level travel time spent in this place.
 D = Time resting spent in this place.
 E = Time spent auto-exploring this place.
 F = Levels seen in this place.
 G = Mean time per level.
                   A        B        C        D        E       F      G
               +--------+--------+--------+--------+--------+-----+--------+
         Total |   3524 |   3400 |    124 |    337 |   2547 |   6 |  587.3 |
       Dungeon |   3512 |   3392 |    120 |    337 |   2547 |   5 |  702.4 |
        Temple |     11 |      7 |      4 |      0 |      0 |   1 |   11.0 |
               +--------+--------+--------+--------+--------+-----+--------+

Top non-repeatable levels by time:
     D:3: 1014 daAuts
     D:2: 915 daAuts
     D:4: 795 daAuts
     D:1: 758 daAuts
     D:5: 28 daAuts
  Temple: 11 daAuts
